 Dungeon Crawl Stone Soup version 0.31-a0-145-g046c7d2549 (webtiles) character file.

Game seed: 14299665273744461302

19247 qw the Marksminotaur (level 12, -3/112 HPs)
             Began as a Minotaur Hunter on June 7, 2023.
             Was a Priest of Okawaru.
             Slain by a brown ugly thing (10 damage)
             ... on level 14 of the Dungeon.
             The game lasted 00:04:14 (10896 turns).

qw the Marksminotaur (Minotaur Hunter)             Turns: 10896, Time: 00:04:14

Health: -3/112     AC: 10    Str: 11    XL:     12   Next: 34%
Magic:  14/14      EV: 27    Int:  8    God:    Okawaru [***...]
Gold:   846        SH:  5    Dex: 25    Spells: 11/11 levels left

rFire   + + .        Y - +0 orcbow (drain)
rCold   . . .        (shield currently unavailable)
rNeg    + + .        q - +4 robe of Foristrurch {rF++ Will++ rCorr}
rPois   +            (helmet restricted)
rElec   +            (no cloak)
rCorr   +            c - +1 pair of gloves "Min Wed" {rElec rPois rN++ Str-4}
SInv    +            k - +0 pair of boots {Fly}
Will    +++..        b - amulet of reflection
Stlth   ++++         o - ring "Joytiner" {rCorr Str-2 Int+2 Dex+7 SInv}
HPRegen 0.38/turn    j - ring of willpower
MPRegen 0.14/turn

%: reflection
@: about to teleport, heroic, flying
A: horns 2, retaliatory headbutt
a: Renounce Religion, Heroism


You were on level 14 of the Dungeon.
You worshipped Okawaru.
Okawaru was most pleased with you.
You visited 2 branches of the dungeon, and saw 13 of its levels.

You collected 846 gold pieces.


Innate Abilities, Weirdness & Mutations

You have a pair of horns on your head.
You reflexively headbutt those who attack you in melee.


   Skills:
 - Level 12.0(17.0) Fighting
 - Level 16.0(21.0) Ranged Weapons
 - Level 4.2(9.2) Armour
 + Level 10.8(15.8) Dodging
 - Level 0.7(5.7) Stealth
 - Level 4.2 Invocations


You had 11 spell levels left.
You didn't know any spells.
Your spell library was empty.

Inventory:

Hand Weapons
 Y - a +0 orcbow of draining (weapon)
Armour
 c - the +1 pair of gloves "Min Wed" (worn) {rElec rPois rN++ Str-4}
   (You acquired it on level 2 of the Dungeon)

   Str:       It affects your strength (-4).
   rElec:     It insulates you from electricity.
   rPois:     It protects you from poison.
   rN:        It greatly protects you from negative energy.
 d - a +2 leather armour of poison resistance
 k - a +0 pair of boots of flying (worn)
 m - the +2 pair of gloves "Gyunlosch" {+Blink Will+ Stlth+}
   (You acquired it on level 2 of the Dungeon)

   +Blink:    It lets you blink.
   Will:      It increases your willpower.
   Stlth:     It makes you more stealthy.
 q - the +4 robe of Foristrurch (worn) {rF++ Will++ rCorr}
   (You found it on level 5 of the Dungeon)

   rF:        It greatly protects you from fire.
   rCorr:     It protects you from acid and corrosion.
   Will:      It greatly increases your willpower.
Jewellery
 a - a ring of protection from fire
 b - an amulet of reflection (around neck)
 g - a ring of ice
 i - a +6 ring of strength
 j - a ring of willpower (right hand)
 o - the ring "Joytiner" (left hand) {rCorr Str-2 Int+2 Dex+7 SInv}
   (You took it off a goblin on level 3 of the Dungeon)

   [ring of see invisible]

   Str:       It affects your strength (-2).
   Int:       It affects your intelligence (+2).
   Dex:       It affects your dexterity (+7).
   SInv:      It lets you see invisible.
   rCorr:     It protects you from acid and corrosion.
Scrolls
 e - a scroll of identify
Potions
 h - a potion of mutation
 l - 2 potions of haste
 n - 2 potions of cancellation
 p - a potion of might {unknown}
 r - 3 potions of curing
 s - a potion of magic {unknown}
 t - a potion of attraction {unknown}

Dungeon Overview and Level Annotations

Branches:
Dungeon (11/15)            Temple (1/1) D:4            Lair (0/5) D:11
    Orc (0/2) D:10

Altars:
Ashenzari
Cheibriados
Dithmenos
Elyvilon
Fedhas
Gozag
Hepliaklqana
Kikubaaqudgha
Makhleb
Nemelex Xobeh
Okawaru
Qazlal
Ru
Sif Muna
Trog
Uskayaw
Vehumet
Wu Jian
Xom
Yredelemnul
Zin
The Shining One

Shops:
D:8 :

Annotations:
D:3 1 runed translucent door, Crazy Yiuf


Message History

The troll closely misses you.
The purple ugly thing completely misses you.
The purple ugly thing basks in the mutagenic energy from its kin and changes!
You shoot an arrow. The arrow closely misses the troll.
The troll closely misses you. The troll claws you. The troll misses you.
The manticore barely misses you. The manticore misses you.
The manticore closely misses you.
You shoot an arrow. The arrow hits the manticore!!
You drain the manticore.
The manticore is severely wounded.
The purple ugly thing basks in the mutagenic energy from its kin and changes!
The purple ugly thing headbutts you but does no damage.
You shoot an arrow. The arrow barely misses the manticore.
The manticore bites you!
The manticore misses you. x2; The troll misses you.
You furiously retaliate!
You headbutt the troll. The troll closely misses you. The troll misses you.
The purple ugly thing closely misses you.
You furiously retaliate!
You headbutt the purple ugly thing! You shoot an arrow.
The arrow hits the manticore!
You kill the manticore!
Okawaru accepts your kill. The troll completely misses you.
The troll barely misses you. The troll claws you but does no damage.
You shoot an arrow. The arrow hits the troll!!
You drain the troll!
You kill the troll!
Okawaru accepts your kill. The purple ugly thing headbutts you.
The brown ugly thing completely misses you.
You shoot an arrow. The arrow hits the purple ugly thing!
You drain the purple ugly thing.
The purple ugly thing is moderately wounded.
The brown ugly thing stings you!
You are splashed with acid.
You resist. The purple ugly thing headbutts you!
The brown ugly thing barely misses you.
10896 ||| READING scroll of teleportation.
As you read the scroll of teleportation, it crumbles to dust.
You feel strangely unstable. The brown ugly thing barely misses you.
You furiously retaliate!
You headbutt the brown ugly thing!
You block the purple ugly thing's attack.
The brown ugly thing gores you!
You die...

### ### ..#..#
#=. ......###.# #
........u## .###
........#@##....c
.....yhc#uu).....
..)).....u##..###
.........## .#
.........# #
###..[..## .#
#.....# ..
....###.# .#
##..###.#####.#
.#


You could see 4 ugly things.

Vanquished Creatures
  Erolcha (D:10)
  4 centaur warriors (D:14)
  3 two-headed ogres
  3 death yaks (D:11)
  Sonja (D:11)
  Pikel (D:9)
  A manticore (D:14)
  2 ugly things
  A gargoyle (D:11)
  An unseen horror (D:10)
  A troll (D:14)
  2 hornets
  Sigmund (D:3)
  16 yaks
  2 wyverns
  2 vampires
  2 wraiths
  Eustachio (D:5)
  A wyvern (shapeshifter) (D:14)
  Grum (D:9)
  6 vampire mosquitoes
  A water moccasin (D:6)
  An ice beast (D:7)
  An orc warrior (D:11)
  4 sky beasts
  3 wolves (D:9)
  12 centaurs
  A phantom (D:4)
  A spectral wyvern (D:5)
  A kobold brigand (D:9)
  2 necrophages (D:5)
  Blork the orc (D:5)
  3 bullfrogs
  4 scorpions
  2 gnoll sergeants
  18 killer bees
  7 howler monkeys
  An electric eel (D:8)
  2 hounds
  2 jellies (D:5)
  2 bullfrog skeletons (D:5)
  3 orc priests
  Ijyb (D:3)
  8 orc wizards
  3 sleepcaps
  Natasha (twice) (D:2)
  5 iguanas
  A centaur simulacrum (D:5)
  12 gnolls
  11 adders
  2 river rats
  A white imp (D:6)
  3 ufetubi
  6 worms
  3 dart slugs
  24 orcs
  13 endoplasms
  6 giant cockroaches
  12 goblins
  7 hobgoblins
  10 kobolds
  6 quokkas
  8 ball pythons
  8 bats
  9 frilled lizards
  18 rats
  A spectral kobold (D:9)
305 creatures vanquished.

Vanquished Creatures (others)
  A human (D:4)
1 creature vanquished.

Grand Total: 306 creatures vanquished

Notes
Turn   | Place    | Note
-------+----------+-------------------------------------------
     0 | D:1      | qw the Minotaur Hunter began the quest for the Orb.
     0 | D:1      | Reached XP level 1. HP: 18/18 MP: 0/0
     0 | D:1      | 0 ||| qw: Version: 0.2-a-117-gc6b5c8b
     0 | D:1      | 0 ||| qw: Game counter: 2526
     0 | D:1      | 0 ||| qw: Always use a shield: true
     0 | D:1      | 0 ||| qw: God list: Okawaru
     0 | D:1      | 0 ||| qw: Allow faded altars: false
     0 | D:1      | 0 ||| qw: Do Orc after D:15 true
     0 | D:1      | 0 ||| qw: Do second Lair branch before Depths: true
     0 | D:1      | 0 ||| qw: Lair rune preference: random
     0 | D:1      | 0 ||| qw: Plans: Normal
     0 | D:1      | 0 ||| PLANNING D:1-11
     5 | D:1      | 5 ||| Stepping ~*~*~tactically~*~*~ (water).
   162 | D:1      | Reached XP level 2. HP: 25/25 MP: 1/1
   191 | D:1      | Reached skill level 5 in Ranged Weapons
   258 | D:1      | Reached skill level 3 in Fighting
   436 | D:1      | Reached XP level 3. HP: 31/31 MP: 2/2
   789 | D:1      | 789 ||| UPGRADING to +0 ring mail.
   799 | D:1      | 799 ||| DROPPING +0 leather armour.
   800 | D:1      | 800 ||| UPGRADING to amulet of the acrobat.
   805 | D:1      | 805 ||| UPGRADING to ring of willpower.
   806 | D:1      | 806 ||| READING scroll labelled CIENKU AROHOHO.
   807 | D:1      | 807 ||| READING 2 scrolls labelled MEAB PALAESHA.
   808 | D:1      | 808 ||| READING scroll labelled NIDUSO JAITEWK.
   809 | D:1      | 809 ||| READING scroll labelled EGHASU UXKUT.
   814 | D:1      | 814 ||| DROPPING scroll of butterflies.
   959 | D:2      | Reached skill level 1 in Armour
  1256 | D:2      | Noticed Natasha
  1258 | D:2      | Killed Natasha
  1259 | D:2      | Reached skill level 6 in Ranged Weapons
  1259 | D:2      | Reached XP level 4. HP: 38/38 MP: 3/3
  1769 | D:2      | Reached XP level 5. HP: 46/46 MP: 4/4
  1810 | D:2      | Noticed Natasha
  1812 | D:2      | Killed Natasha
  2052 | D:2      | 2052 ||| UPGRADING to +0 pair of boots.
  2057 | D:2      | 2057 ||| UPGRADING to amulet of reflection.
  2067 | D:2      | 2067 ||| DROPPING amulet of the acrobat.
  2068 | D:2      | 2068 ||| READING 3 scrolls labelled XOMNIUZALI.
  2068 | D:2      | Identified 3 scrolls of acquirement
  2068 | D:2      | 2068 ||| ACQUIRING +2 pair of gloves "Gyunlosch" {+Blink
                  | Will+ Stlth+}
  2068 | D:2      | Acquired the +2 pair of gloves "Gyunlosch" {+Blink Will+
                  | Stlth+}
  2069 | D:2      | 2069 ||| READING 2 scrolls of acquirement.
  2069 | D:2      | 2069 ||| ACQUIRING +0 orcbow of flaming
  2069 | D:2      | Acquired a +0 orcbow of flaming
  2070 | D:2      | 2070 ||| READING scroll of acquirement.
  2070 | D:2      | 2070 ||| ACQUIRING +1 pair of gloves "Min Wed" {rElec rPois
                  | rN++ Str-4}
  2070 | D:2      | Acquired the +1 pair of gloves "Min Wed" {rElec rPois rN++
                  | Str-4}
  2072 | D:2      | 2072 ||| SWAPPING to +0 orcbow of flaming.
  2073 | D:2      | 2073 ||| UPGRADING to +1 pair of gloves "Min Wed" {rElec
                  | rPois rN++ Str-4}.
  2078 | D:2      | 2078 ||| DROPPING +0 shortbow of draining.
  2079 | D:2      | 2079 ||| READING scroll labelled ZUG KUETOST.
  2080 | D:2      | 2080 ||| READING scroll labelled GONARHAXIOQEAGH.
  2081 | D:2      | 2081 ||| DRINKING 2 fuming ruby potions.
  2082 | D:2      | 2082 ||| DROPPING potion of brilliance.
  2149 | D:3      | 2149 ||| PLANNING SEWER
  2180 | D:3      | Noticed Ijyb
  2191 | D:3      | Killed Ijyb
  2192 | D:3      | Reached skill level 7 in Ranged Weapons
  2430 | D:3      | Identified the ring "Joytiner" {rCorr Str-2 Int+2 Dex+7
                  | SInv}
  2571 | D:3      | Found a runed translucent door.
  2572 | D:3      | Noticed Crazy Yiuf
  2637 | D:3      | Reached XP level 6. HP: 52/52 MP: 5/5
  2776 | D:3      | 2776 ||| RIP SEWER
  2778 | D:3      | 2778 ||| PLANNING D:1-11
  2881 | D:3      | Noticed Sigmund
  2883 | D:3      | Killed Sigmund
  2884 | D:3      | Reached skill level 8 in Ranged Weapons
  3044 | D:3      | 3044 ||| UPGRADING to +2 leather armour of poison
                  | resistance.
  3054 | D:3      | 3054 ||| DROPPING +0 ring mail.
  3055 | D:3      | 3055 ||| UPGRADING to +2 pair of gloves "Gyunlosch" {+Blink
                  | Will+ Stlth+}.
  3065 | D:3      | 3065 ||| UPGRADING to ring of protection from fire.
  3066 | D:3      | 3066 ||| UPGRADING to ring "Joytiner" {rCorr Str-2 Int+2
                  | Dex+7 SInv}.
  3068 | D:3      | 3068 ||| DROPPING +6 ring of intelligence.
  3069 | D:3      | 3069 ||| READING scroll labelled YRILID QASMUOTS.
  3070 | D:3      | 3070 ||| READING scroll labelled OSUANOLOO.
  3071 | D:3      | 3071 ||| READING scroll labelled MEALEG GELISO.
  3072 | D:3      | 3072 ||| DRINKING 2 bubbling orange potions.
  3073 | D:3      | 3073 ||| DRINKING 2 metallic grey potions.
  3074 | D:3      | 3074 ||| READING 2 scrolls of identify.
  3074 | D:3      | 3074 ||| IDENTIFYING fuming coppery potion
  3260 | D:4      | Found an ancient bone altar of Kikubaaqudgha.
  3281 | D:4      | Noticed a human
  3284 | D:4      | Killed a human
  3299 | D:4      | Reached skill level 3 in Dodging
  3299 | D:4      | Reached XP level 7. HP: 59/59 MP: 6/6
  3712 | D:4      | Found a staircase to the Ecumenical Temple.
  3713 | D:4      | 3713 ||| PLANNING TEMPLE
  3713 | D:4      | 3713 ||| READING 4 scrolls of identify.
  3713 | D:4      | 3713 ||| IDENTIFYING purple potion
  3714 | D:4      | 3714 ||| READING 3 scrolls of identify.
  3714 | D:4      | 3714 ||| IDENTIFYING murky brown potion
  3715 | D:4      | 3715 ||| READING 2 scrolls of identify.
  3715 | D:4      | 3715 ||| IDENTIFYING smoky dark potion
  3716 | D:4      | 3716 ||| DROPPING potion of enlightenment.
  3717 | D:4      | 3717 ||| DROPPING potion of lignification.
  3726 | Temple   | Entered the Ecumenical Temple
  3911 | Temple   | 3911 ||| PLANNING D:1-11
  4215 | D:4      | 4215 ||| UPGRADING to +0 pair of boots of flying.
  4225 | D:4      | 4225 ||| DROPPING +0 pair of boots.
  4259 | D:5      | Entered Level 5 of the Dungeon
  4400 | D:5      | Identified the +4 robe of Foristrurch {rF++ Will++ rCorr}
  4436 | D:5      | Noticed Eustachio
  4441 | D:5      | 4441 ||| FLEEEEING.
  4453 | D:5      | Killed Eustachio
  4509 | D:5      | Noticed a wraith
  4518 | D:5      | Killed a wraith
  4519 | D:5      | Reached skill level 9 in Ranged Weapons
  4519 | D:5      | Reached XP level 8. HP: 48/68 MP: 7/7
  4525 | D:5      | HP: 15/66 [spectral wyvern (8)]
  4526 | D:5      | 4526 ||| READING scroll of teleportation.
  4526 | D:5      | HP: 5/66 [spectral wyvern (11)]
  4527 | D:5      | 4527 ||| DRINKING 2 potions of heal wounds.
  4529 | D:5      | 4529 ||| DRINKING potion of heal wounds.
  4531 | D:5      | 4531 ||| FLEEEEING.
  4532 | D:5      | 4532 ||| FLEEEEING.
  4533 | D:5      | 4533 ||| STAIRDANCE
  4668 | D:4      | 4668 ||| UPGRADING to +4 robe of Foristrurch {rF++ Will++
                  | rCorr}.
  4678 | D:4      | 4678 ||| UPGRADING to +1 pair of gloves "Min Wed" {rElec
                  | rPois rN++ Str-4}.
  4688 | D:4      | 4688 ||| UPGRADING to ring of willpower.
  4690 | D:4      | 4690 ||| READING scroll labelled NOSAOPRENOA.
  4791 | D:4      | 4791 ||| READING 2 scrolls of identify.
  4791 | D:4      | 4791 ||| IDENTIFYING cyan potion
  4798 | D:5      | Reached skill level 6 in Fighting
  5053 | D:5      | Noticed Blork the orc
  5059 | D:5      | Killed Blork the orc
  5343 | D:5      | Reached skill level 10 in Ranged Weapons
  5376 | D:5      | Identified the +2 dagger of Pride {pain, rF+++ Str-3 Int-4
                  | SInv}
  5377 | D:5      | 5377 ||| READING scroll labelled QENERAFIMYUDGH.
  5378 | D:5      | 5378 ||| READING scroll labelled HIERIT YQUZIP.
  5514 | D:6      | 5514 ||| Stepping ~*~*~tactically~*~*~ (outnumbered).
  5629 | D:6      | 5629 ||| READING scroll of brand weapon.
  5629 | D:6      | 5629 ||| BRANDING +0 orcbow of flaming.
  5686 | D:6      | Reached skill level 11 in Ranged Weapons
  5686 | D:6      | Reached XP level 9. HP: 59/79 MP: 8/8
  5699 | D:6      | Reached skill level 6 in Dodging
  6278 | D:6      | Found a broken altar of Ashenzari.
  6282 | D:6      | Saw a vision of the Swamp and the Snake Pit.
  6282 | D:6      | Noticed a black mamba
  6282 | D:6      | Noticed a black mamba
  6282 | D:6      | Noticed a naga mage
  6282 | D:6      | Noticed an anaconda
  6282 | D:6      | Noticed a swamp dragon
  6282 | D:6      | Noticed a swamp dragon
  6282 | D:6      | Noticed a spriggan druid
  6282 | D:6      | Noticed a shock serpent
  6282 | D:6      | Noticed a spriggan rider
  6283 | D:6      | Noticed an anaconda
  6283 | D:6      | Noticed a bloated husk
  6284 | D:6      | Noticed a mana viper
  6354 | D:6      | 6354 ||| READING scroll labelled WEPICAE OGGESI.
  6355 | D:6      | 6355 ||| READING scroll labelled GAHOIBR ZUWN.
  6356 | D:6      | 6356 ||| DRINKING 2 lumpy golden potions.
  6357 | D:6      | 6357 ||| DROPPING potion of degeneration.
  6531 | D:7      | Reached skill level 12 in Ranged Weapons
  7109 | D:8      | Found Tutunlube's Book Boutique.
  7559 | D:8      | Found a basalt altar of Yredelemnul.
  7568 | D:8      | Found a glowing golden altar of the Shining One.
  7569 | D:8      | Found a sparkling altar of Nemelex Xobeh.
  7571 | D:8      | Found a blossoming altar of Fedhas.
  7571 | D:8      | Found a bloodstained altar of Trog.
  7572 | D:8      | Found a glowing silver altar of Zin.
  7579 | D:8      | Found a shadowy altar of Dithmenos.
  7710 | D:8      | Found an opulent altar of Gozag.
  7712 | D:8      | Found a hide-covered altar of Uskayaw.
  7758 | D:8      | Reached XP level 10. HP: 61/88 MP: 9/9
  7761 | D:8      | Reached skill level 13 in Ranged Weapons
  8049 | D:9      | 8049 ||| STAIRDANCE
  8056 | D:8      | Reached skill level 9 in Fighting
  8114 | D:9      | 8114 ||| STAIRDANCE
  8238 | D:9      | Noticed Pikel
  8250 | D:9      | Killed Pikel
  8261 | D:9      | Noticed Grum
  8275 | D:9      | Reached skill level 14 in Ranged Weapons
  8275 | D:9      | HP: 22/91 [Grum/+0 spear (5)]
  8276 | D:9      | 8276 ||| READING 2 scrolls of teleportation.
  8277 | D:9      | 8277 ||| DRINKING 2 potions of heal wounds.
  8281 | D:9      | 8281 ||| Stepping ~*~*~tactically~*~*~ (outnumbered).
  8282 | D:9      | 8282 ||| Stepping ~*~*~tactically~*~*~ (outnumbered).
  8288 | D:9      | 8288 ||| FLEEEEING.
  8289 | D:9      | Killed Grum
  8290 | D:9      | 8290 ||| FLEEEEING.
  8291 | D:9      | 8291 ||| FLEEEEING.
  8292 | D:9      | 8292 ||| FLEEEEING.
  8293 | D:9      | 8293 ||| FLEEEEING.
  8294 | D:9      | 8294 ||| FLEEEEING.
  8295 | D:9      | 8295 ||| FLEEEEING.
  8296 | D:9      | 8296 ||| FLEEEEING.
  8297 | D:9      | 8297 ||| FLEEEEING.
  8298 | D:9      | 8298 ||| FLEEEEING.
  8299 | D:9      | 8299 ||| FLEEEEING.
  8300 | D:9      | 8300 ||| FLEEEEING.
  8301 | D:9      | 8301 ||| STAIRDANCE
  8455 | D:9      | 8455 ||| Stepping ~*~*~tactically~*~*~ (outnumbered).
  8457 | D:9      | 8457 ||| Stepping ~*~*~tactically~*~*~ (outnumbered).
  8459 | D:9      | 8459 ||| Stepping ~*~*~tactically~*~*~ (outnumbered).
  8460 | D:9      | 8460 ||| Stepping ~*~*~tactically~*~*~ (outnumbered).
  8780 | D:9      | Found a hazy altar of Hepliaklqana.
  8983 | D:10     | Entered Level 10 of the Dungeon
  9044 | D:10     | Reached skill level 9 in Dodging
  9045 | D:10     | Reached XP level 11. HP: 93/99 MP: 10/10
  9123 | D:10     | Found an iron altar of Okawaru.
  9124 | D:10     | 9124 ||| PLANNING OKAWARU WORSHIP
  9146 | D:10     | Became a worshipper of Warmaster Okawaru
  9146 | D:10     | 9146 ||| PLANNING D:1-11
  9146 | D:10     | Noticed Erolcha
  9151 | D:10     | Killed Erolcha
  9156 | D:10     | Noticed a two-headed ogre
  9165 | D:10     | Killed a two-headed ogre
  9166 | D:10     | Reached skill level 15 in Ranged Weapons
  9192 | D:10     | Found a staircase to the Orcish Mines.
  9193 | D:10     | Noticed a two-headed ogre
  9203 | D:10     | Killed a two-headed ogre
  9203 | D:10     | Reached * piety under Okawaru
  9260 | D:10     | Reached skill level 1 in Invocations
  9429 | D:10     | 9429 ||| READING 2 scrolls of identify.
  9429 | D:10     | 9429 ||| IDENTIFYING sedimented puce potion
  9430 | D:10     | 9430 ||| DROPPING potion of ambrosia.
  9517 | D:11     | Noticed a death yak
  9517 | D:11     | Noticed a death yak
  9518 | D:11     | 9518 ||| INVOKING Heroism.
  9518 | D:11     | Noticed a death yak
  9526 | D:11     | Killed a death yak
  9534 | D:11     | HP: 18/99 [death yak (20)]
  9535 | D:11     | 9535 ||| READING 2 scrolls of teleportation.
  9536 | D:11     | 9536 ||| DRINKING potion of heal wounds.
  9537 | D:11     | 9537 ||| INVOKING Heroism.
  9537 | D:11     | Noticed Sonja
  9765 | D:11     | Identified the +2 sling of Ravurutt {freeze, Contam Fly
                  | Int+5}
  9804 | D:11     | 9804 ||| INVOKING Heroism.
  9977 | D:11     | Noticed a two-headed ogre
  9978 | D:11     | 9978 ||| INVOKING Heroism.
  9982 | D:11     | Killed a two-headed ogre
  9983 | D:11     | Reached skill level 3 in Invocations
 10025 | D:11     | Noticed a green ugly thing
 10039 | D:11     | Killed a green ugly thing
 10039 | D:11     | Reached ** piety under Okawaru
 10192 | D:11     | 10192 ||| INVOKING Heroism.
 10210 | D:11     | Killed a death yak
 10211 | D:11     | Reached skill level 16 in Ranged Weapons
 10213 | D:11     | Killed a death yak
 10218 | D:11     | 10218 ||| INVOKING Heroism.
 10347 | D:11     | 10347 ||| INVOKING Heroism.
 10380 | D:11     | Found a staircase to the Lair.
 10421 | D:11     | Killed Sonja
 10421 | D:11     | Reached *** piety under Okawaru
 10441 | D:11     | 10441 ||| Stepping ~*~*~tactically~*~*~ (outnumbered).
 10593 | D:11     | You are sucked into a shaft and drop 3 floors!
 10613 | D:14     | Noticed a centaur warrior
 10617 | D:14     | 10617 ||| INVOKING Heroism.
 10622 | D:14     | Killed a centaur warrior
 10623 | D:14     | Reached XP level 12. HP: 41/110 MP: 11/14
 10663 | D:14     | 10663 ||| INVOKING Heroism.
 10850 | D:14     | Noticed a centaur warrior
 10851 | D:14     | 10851 ||| Stepping ~*~*~tactically~*~*~ (outnumbered).
 10855 | D:14     | Noticed a centaur warrior
 10858 | D:14     | Killed a centaur warrior
 10860 | D:14     | 10860 ||| Stepping ~*~*~tactically~*~*~ (outnumbered).
 10862 | D:14     | 10862 ||| Stepping ~*~*~tactically~*~*~ (outnumbered).
 10862 | D:14     | Noticed a centaur warrior
 10865 | D:14     | Killed a centaur warrior
 10878 | D:14     | 10878 ||| INVOKING Heroism.
 10879 | D:14     | Killed a centaur warrior
 10880 | D:14     | Reached skill level 12 in Fighting
 10895 | D:14     | HP: 25/112 [brown ugly thing (13)]
 10895 | D:14     | HP: 7/112 [purple ugly thing (13)]
 10896 | D:14     | 10896 ||| READING scroll of teleportation.
 10896 | D:14     | Slain by a brown ugly thing

Levels and vault maps discovered:
D:1:      dpeg_arrival_subterranean_lakeside_camping, layout_basic,
          hangedman_decor_clover_reticule, chequers_serial_rivers_micro_b,
          chequers_serial_rivers_micro_c
D:2:      minmay_thinvault, layout_basic, minmay_randomly_rotated_circles,
          uniq_natasha
D:3:      layout_loops_ring, portal_sewer_entry_b, kennysheep_generic_room_7,
          uniq_sigmund, uniq_ijyb, uniq_crazy_yiuf_cottage
D:4:      layout_loops_corners, tgw_kikubaaqudgha,
          minmay_temple_entry_stoned_glass, serial_forest,
          infiniplex_forest_clump_diagonal, infiniplex_forest_straight_2,
          infiniplex_forest_clump_large, infiniplex_forest_lined_4_way,
          infiniplex_forest_end_2, infiniplex_forest_lined_2,
          infiniplex_forest_side_room, infiniplex_forest_lined_1
D:5:      kennysheep_spiral_hall, layout_basic, dilly_guarded_unrand_morg,
          uniq_eustachio, uniq_blork_the_orc
D:6:      layout_basic, grunt_ashenzari_visionary
          [grunt_ashenzari_visionary_swamp, grunt_ashenzari_visionary_snake],
          chequers_serial_rivers_micro_c, grunt_potential
D:7:      layout_loops_cross
D:8:      layout_basic, nicolae_overflow_squiral,
          nicolae_overflow_hallway_of_the_gods, serial_shops,
          nicolae_book_shop_shelving
D:9:      layout_rooms, nicolae_hepliaklqana_monster_ancestors,
          serial_corexii_hall, corexii_hall_statues_deadend,
          corexii_hall_statues_u, uniq_pikel, uniq_grum
D:10:     layout_rooms, okawaru_metal_pillars_3, serial_bayou_pond_c,
          uniq_erolcha
D:11:     layout_irregular_city, dpeg_lair_monsters, uniq_sonja
D:14:     layout_loops_ring, minmay_tree_intersection
Temple:   chequers_temple_sunken

Skill      XL: |  1  2  3  4  5  6  7  8  9 10 11 12 |
---------------+-------------------------------------+-----
Ranged Weapons | 5 6 7 8 9 11 12 14 16 | 16.0
Fighting       | 3 4 5 7 8 10 11 12 | 12.0
Armour         | 1 2 4 |  4.2
Dodging        | 3 4 5 7 9 10 | 10.8
Invocations    | 4 |  4.2
Stealth        | |  0.7

Action                     |  1- 3 |  4- 6 |  7- 9 | 10-12 || total
---------------------------+-------+-------+-------+-------++-------
   Fire: Shortbow          |   102 |    60 |       |       ||   162
         Orcbow            |       |    85 |   277 |   414 ||   776
 Invoke: Heroism           |       |       |       |    10 ||    10
    Use: Scroll            |     4 |     9 |    11 |     4 ||    28
         Potion            |       |     3 |     3 |     2 ||     8
 Armour: Leather armour    |     2 |       |     8 |       ||    10
         Ring mail         |     4 |    17 |       |       ||    21
         Robe              |       |       |    14 |    37 ||    51
  Dodge: Dodged            |    12 |    25 |   120 |   215 ||   372
  Block: Other             |       |     7 |    25 |    61 ||    93
         Reflection        |       |       |       |    12 ||    12

Table legend:
 A = Non-vault XP
 B = Vault XP
 C = Vault XP percentage of total XP
 D = Non-vault monster count
 E = Vault monster count
 F = Vault count percentage of total count
                 A         B        C        D         E       F
            +---------+---------+-------+---------+---------+-------
      Total |   19677 |    7819 |  28.4 |     223 |      82 |  26.9
            +---------+---------+-------+---------+---------+-------
        D:1 |      38 |       8 |  17.4 |      24 |       6 |  20.0
        D:2 |      93 |      99 |  51.6 |      19 |      25 |  56.8
        D:3 |     111 |     297 |  72.8 |      22 |       9 |  29.0
        D:4 |     299 |       0 |   0.0 |      14 |       0 |   0.0
        D:5 |     281 |    1008 |  78.2 |      10 |      13 |  56.5
        D:6 |     351 |    1078 |  75.4 |      10 |      12 |  54.5
        D:7 |    1234 |       0 |   0.0 |      20 |       0 |   0.0
        D:8 |    1653 |       0 |   0.0 |      16 |       0 |   0.0
        D:9 |    1861 |    1213 |  39.5 |      27 |       7 |  20.6
       D:10 |    4305 |     867 |  16.8 |      21 |       1 |   4.5
       D:11 |    3280 |    3249 |  49.8 |      20 |       9 |  31.0
       D:14 |    6171 |       0 |   0.0 |      20 |       0 |   0.0
            +---------+---------+-------+---------+---------+-------
